 Dungeon Crawl Stone Soup version 0.26.0-10-g1f06aea511 (webtiles) character file.

Game seed: 5865618947045385432

5649 dohliylev the Cleaver (level 10, -2/93 HPs)
             Began as a Minotaur Berserker on Jan 27, 2021.
             Was a High Priest of Trog.
             Slain by a killer bee (6 damage)
             ... on level 9 of the Dungeon.
             The game lasted 00:21:56 (8867 turns).

dohliylev the Cleaver (Minotaur Berserker)          Turns: 8867, Time: 00:21:57

Health: -2/93      AC: 13    Str: 25    XL:     10   Next: 46%
Magic:  9/9        EV: 11    Int:  4    God:    Trog [*****.]
Gold:   601        SH: 10    Dex: 10    Spells: 9/9 levels left

rFire    . . .     SeeInvis .   G - +0 broad axe
rCold    . . .     Faith    .   A - +0 kite shield
rNeg     . . .     Spirit   .   B - +0 plate armour
rPois    .         Reflect  .   (helmet restricted)
rElec    .         Harm     .   H - +0 cloak
rCorr    +         Rampage  .   o - +0 pair of gloves
Will     ++...                  (no boots)
Stlth    ..........             u - amulet of magic regeneration
HPRegen  1.25/turn              F - +4 ring of evasion
MPRegen  0.36/turn              h - ring of resist corrosion

@: lethally poisoned (-2 -> -11), berserk cooldown, regenerating, slowed, very
slow
A: retaliatory headbutt, horns 2
a: Renounce Religion, Berserk, Trog's Hand, Brothers in Arms


You were on level 9 of the Dungeon.
You worshipped Trog.
Trog was extremely pleased with you.
You visited 1 branch of the dungeon, and saw 9 of its levels.

You collected 601 gold pieces.

Inventory:

Hand Weapons
 G - a +0 broad axe (weapon)
Armour
 o - a +0 pair of gloves (worn)
 A - a +0 kite shield (worn)
 B - a +0 plate armour (worn)
 H - a +0 cloak (worn)
Jewellery
 h - a ring of resist corrosion (right hand)
 j - an uncursed ring of see invisible
 u - an amulet of magic regeneration (around neck)
 C - an uncursed ring of fire
 F - a +4 ring of evasion (left hand)
Wands
 l - a wand of iceblast (3)
 s - a wand of disintegration (6)
Scrolls
 a - a scroll of silence {unknown}
 d - 2 scrolls of magic mapping {unknown}
 e - 8 scrolls of identify {unknown}
 f - 8 scrolls of remove curse {unknown}
 i - a scroll of blinking {unknown}
 k - 3 scrolls of enchant armour {unknown}
 q - 3 scrolls of amnesia {unknown}
 t - 2 scrolls of immolation {unknown}
 y - a scroll of brand weapon {unknown}
 E - a scroll of teleportation {unknown}
Potions
 b - a potion of attraction {unknown}
 c - a potion of invisibility {unknown}
 g - 5 potions of mutation {unknown}
 m - 2 potions of flight {unknown}
 n - 3 potions of heal wounds {unknown}
 p - 3 potions of brilliance {unknown}
 r - a potion of resistance {unknown}
 v - 2 potions of magic {unknown}
 w - 2 potions of might {unknown}
 x - 5 potions of curing {unknown}
 z - a potion of lignification {unknown}
 D - a potion of haste {unknown}
 I - a potion of degeneration {unknown}


   Skills:
 + Level 9.8 Fighting
 + Level 14.0 Axes
 - Level 2.4 Armour
 + Level 5.0 Dodging
 + Level 6.2 Shields


You had 9 spell levels left.
You didn't know any spells.
Your spell library was empty.

Dungeon Overview and Level Annotations

Branches:
Dungeon (9/15)             Temple (0/1) D:4            Lair (0/6) D:9
    Orc: D:9-12

Altars:
Ashenzari
Dithmenos
Fedhas
Makhleb
Uskayaw
Vehumet
Xom
The Shining One


Innate Abilities, Weirdness & Mutations

You reflexively headbutt those who attack you in melee.
You have a pair of horns on your head.


Message History

The killer bee stings you but does no damage.
The killer bee stings you.
* * * LOW HITPOINT WARNING * * *
You are more poisoned.
The killer bee poisons you!
The killer bee stings you but does no damage.
You completely miss the killer bee. You headbutt the killer bee!
The killer bee is heavily wounded.
You feel very sick. You block the killer bee's attack.
The killer bee stings you.
* * * LOW HITPOINT WARNING * * *
You are lethally poisoned!
The killer bee poisons you!
The killer bee stings you but does no damage.
Your ogre goes berserk!
* * * LOW HITPOINT WARNING * * *
You feel very sick. The killer bee closely misses you.
You block the killer bee's attack. The killer bee stings you.
You die...

#>.# #.##
###.######
########........#
...##...........#
#
......##........#
†# ...##
#........# yy
...#
#........##y#
####
#####.##O@yy#
#.####### #.# #.#
# #.# # #.# # #.#
# #.# #


You could see 5 killer bees and a friendly ogre (summoned, berserk).

Vanquished Creatures
  2 two-headed ogres
  A komodo dragon (D:9)
  A queen bee (D:9)
  Grinder (D:6)
  Sigmund (D:3)
  A shadow (D:6)
  Menkaure (D:4)
  A black bear (D:7)
  A sky beast (D:5)
  6 ice beasts
  2 necrophages (D:8)
  A phantom (D:5)
  3 ogres (D:8)
  A centaur (D:6)
  A gnoll sergeant (D:6)
  3 bullfrogs
  2 water moccasin zombies
  2 scorpions
  11 killer bees
  4 hounds
  An orc priest (D:9)
  6 orc wizards
  A hell rat (D:8)
  7 worker ants
  A hound skeleton (D:5)
  A howler monkey zombie (D:8)
  Robin (D:3)
  A worker ant zombie (D:5)
  12 gnolls
  9 adders
  9 river rats (D:8)
  4 shadow imps
  2 white imps
  An ufetubus (D:6)
  An ooze (D:1)
  An adder skeleton (D:4)
  An adder zombie (D:5)
  5 worms
  A dart slug (D:3)
  21 orcs
  8 giant cockroaches
  14 goblins
  8 hobgoblins
  6 jackals
  5 kobolds
  6 quokkas
  A ball python (D:1)
  6 bats
  2 frilled lizards
  A jackal zombie (D:5)
  A leopard gecko skeleton (D:5)
  A leopard gecko zombie (D:6)
  A quokka skeleton (D:8)
  A quokka zombie (D:5)
  15 rats
208 creatures vanquished.

Vanquished Creatures (others)
  An orc wizard (D:6)
  3 jackals (D:4)
  4 plants (D:9)
8 creatures vanquished.

Grand Total: 216 creatures vanquished

Notes
Turn   | Place    | Note
-------+----------+-------------------------------------------
     0 | D:1      | dohliylev the Minotaur Berserker began the quest for the
                  | Orb.
     0 | D:1      | Reached XP level 1. HP: 19/19 MP: 0/0
   209 | D:1      | Reached skill level 4 in Axes
   209 | D:1      | Reached XP level 2. HP: 27/27 MP: 1/1
   973 | D:2      | Reached XP level 3. HP: 30/33 MP: 2/2
  1037 | D:2      | Reached ** piety under Trog
  1843 | D:3      | Noticed Sigmund
  1857 | D:3      | Killed Sigmund
  1858 | D:3      | Reached skill level 5 in Fighting
  1858 | D:3      | Reached skill level 6 in Axes
  1858 | D:3      | Reached XP level 4. HP: 26/42 MP: 3/3
  1858 | D:3      | Reached XP level 5. HP: 30/48 MP: 4/4
  1976 | D:3      | Noticed Robin
  2004 | D:3      | Killed Robin
  2139 | D:3      | Reached XP level 6. HP: 41/56 MP: 5/5
  2821 | D:4      | Noticed Menkaure
  2828 | D:4      | Killed Menkaure
  2829 | D:4      | Reached skill level 7 in Axes
  3248 | D:4      | Noticed an ice beast
  3262 | D:4      | Killed an ice beast
  3263 | D:4      | Reached XP level 7. HP: 32/62 MP: 6/6
  3264 | D:4      | Reached *** piety under Trog
  3451 | D:4      | Reached skill level 8 in Axes
  3633 | D:4      | Found a staircase to the Ecumenical Temple.
  3715 | D:4      | Found a shadowy altar of Dithmenos.
  3745 | D:5      | Entered Level 5 of the Dungeon
  3976 | D:5      | Reached skill level 9 in Axes
  4182 | D:5      | Reached XP level 8. HP: 65/71 MP: 7/7
  5093 | D:6      | Reached skill level 10 in Axes
  5341 | D:6      | Found a blossoming altar of Fedhas.
  5342 | D:6      | Found a hide-covered altar of Uskayaw.
  5457 | D:6      | Reached skill level 1 in Shields
  5493 | D:6      | Reached **** piety under Trog
  5497 | D:6      | Reached skill level 11 in Axes
  5673 | D:6      | Noticed Grinder
  5679 | D:6      | Reached XP level 9. HP: 75/81 MP: 8/8
  5706 | D:6      | Paralysed by Grinder for 4 turns
  5733 | D:6      | Killed Grinder
  5990 | D:6      | Found a radiant altar of Vehumet.
  6575 | D:7      | Found a glowing golden altar of the Shining One.
  6977 | D:7      | Reached skill level 12 in Axes
  7460 | D:8      | Reached ***** piety under Trog
  7658 | D:8      | Reached skill level 5 in Shields
  7875 | D:8      | Noticed a two-headed ogre
  7885 | D:8      | Killed a two-headed ogre
  7886 | D:8      | Reached skill level 13 in Axes
  7886 | D:8      | Reached skill level 5 in Dodging
  7886 | D:8      | Reached XP level 10. HP: 33/91 MP: 9/9
  8238 | D:8      | Found a broken altar of Ashenzari.
  8267 | D:8      | You fall into a shaft and drop 1 floor!
  8277 | D:9      | Found a staircase to the Lair.
  8463 | D:9      | Found a shimmering altar of Xom.
  8466 | D:9      | Found a shimmering altar of Xom.
  8467 | D:9      | Found a shimmering altar of Xom.
  8467 | D:9      | Found a shimmering altar of Xom.
  8467 | D:9      | Found a shimmering altar of Xom.
  8468 | D:9      | Found a shimmering altar of Xom.
  8468 | D:9      | Found a shimmering altar of Xom.
  8468 | D:9      | Found a shimmering altar of Xom.
  8469 | D:9      | Found a shimmering altar of Xom.
  8477 | D:9      | Found a burning altar of Makhleb.
  8617 | D:9      | Noticed a two-headed ogre
  8624 | D:9      | Killed a two-headed ogre
  8861 | D:9      | Reached skill level 14 in Axes
  8867 | D:9      | HP: 4/93 [poisoned by a killer bee]
  8867 | D:9      | Slain by a killer bee

Illustrated notes

Levels and vault maps discovered:
D:1:      nicolae_arrival_memento_mori, layout_loops_corners
D:2:      layout_rooms, hangedman_decor_peaks_small
D:3:      layout_loops_cross, uniq_robin, uniq_sigmund
D:4:      layout_cave_pools, kennysheep_mini, lemuel_temple_firewalk_b,
          uniq_menkaure
D:5:      layout_layer_cave
D:6:      layout_rooms, gammafunk_temple_overflow_statue, vehumet_altar_wand_db,
          uniq_grinder
D:7:      layout_loops_corners, lemuel_crystal_altar
D:8:      lemuel_ratsnest, layout_loops_ring, ashenzari_conservatory_becter
D:9:      layout_roguey, old_standard_altar, nicolae_overflow_crystal_walls,
          david_lair_shrubbed, special_room [special_room_bee],
          xom_shifter_show, uniq_erica

Skill      XL: |  1  2  3  4  5  6  7  8  9 10 |
---------------+-------------------------------+-----
Axes           | 4 6 7 9 11 13 14 | 14.0
Fighting       | 4 5 6 7 9 |  9.8
Dodging        | 3 4 5 |  5.0
Shields        | 2 5 6 |  6.2
Armour         | |  2.4

Action                   |  1- 3 |  4- 6 |  7- 9 | 10-12 || total
-------------------------+-------+-------+-------+-------++-------
Melee: Hand axe          |    90 |    69 |   277 |       ||   436
       Headbutt          |    15 |    13 |    71 |     9 ||   108
       Broad axe         |       |       |   115 |    74 ||   189
Invok: Berserk           |       |     2 |     6 |     1 ||     9
       Trog's Hand       |       |       |       |     1 ||     1
       Brothers in Arms  |       |       |       |     1 ||     1
 Stab: Sleeping          |     1 |       |       |       ||     1
Armor: Animal skin       |    12 |     8 |       |       ||    20
       Chain mail        |       |    16 |    26 |       ||    42
       Plate armour      |       |       |   125 |    25 ||   150
Dodge: Dodged            |    62 |    32 |   118 |    30 ||   242
Block: Kite shield       |       |       |   114 |    39 ||   153
